 Dungeon Crawl Stone Soup version 0.30-a0-634-g8abc85282e (webtiles) character file.

Game seed: 7028800141277013733

144 Dartaoz the Chopper (level 5, -1/47 HPs)
             Began as a Hill Orc Monk on Jan 14, 2023.
             Was a Believer of Beogh.
             Slain by a killer bee (3 damage)
             ... on level 7 of the Dungeon.
             The game lasted 00:07:33 (2252 turns).

Dartaoz the Chopper (Hill Orc Monk)                 Turns: 2252, Time: 00:07:33

Health: -1/47      AC: 10    Str: 16    XL:     5   Next: 27%
Magic:  5/5        EV:  7    Int: 10    God:    Beogh [**....]
Gold:   62         SH:  6    Dex: 13    Spells: 4/4 levels left

rFire   . . .      SeeInvis .    a - +0 hand axe
rCold   . . .      Faith    .    f - +2 buckler
rNeg    . . .      Spirit   .    l - +2 chain mail {rPois}
rPois   +          Reflect  .    (no helmet)
rElec   .          Harm     .    (no cloak)
rCorr   .          Rampage  .    (no gloves)
Will    .....                    (no boots) Stlth
                                 (no amulet)
HPRegen 0.27/turn                (no ring)
MPRegen 0.09/turn                (no ring)

@: no status effects
A: no striking features
a: Renounce Religion, Smiting


You were on level 7 of the Dungeon.
You worshipped Beogh.
Beogh was pleased with you.
You visited 1 branch of the dungeon, and saw 5 of its levels.

You collected 62 gold pieces.

Inventory:

Hand Weapons
 a - a +0 hand axe (weapon)
 r - the +8 dagger "Ocsuromp" {freeze, Int+2}
   (You found it on level 3 of the Dungeon)

   Int:       It affects your intelligence (+2).
Armour
 b - a +0 robe
 f - a +2 buckler (worn)
 j - a +0 leather armour
 l - a +2 chain mail of poison resistance (worn)
Wands
 k - a wand of mindburst (7)
 q - a wand of paralysis (13)
Scrolls
 c - a scroll of enchant armour {unknown}
 e - 5 scrolls of identify {unknown}
 g - 2 scrolls of blinking {unknown}
 h - a scroll of teleportation {unknown}
 i - a scroll of silence {unknown}
 m - a scroll of vulnerability {unknown}
 p - 2 scrolls of butterflies {unknown}
Potions
 d - 2 potions of curing {unknown}
 n - a potion of flight {unknown}
 o - a potion of might {unknown}


   Skills:
 + Level 4.4 Fighting
 + Level 5.9 Axes
 + Level 1.9 Armour
 - Level 2.4 Dodging
 - Level 1.5 Stealth
 + Level 2.0 Shields
 + Level 0.0 Invocations


You had 4 spell levels left.
You didn't know any spells.
Your spell library contained the following spells:

 Spells                   Type           Power      Damage    Failure   Level
 Scorch                   Fire           0%         2d5       100%        2
 Flame Wave               Conj/Fire      0%         2d4       100%        4
 Summon Cactus Giant      Summ           0%         N/A       100%        6


Dungeon Overview and Level Annotations

Branches:
Dungeon (4/15)
 Temple: D:4-7

Altars:


Message History

The killer bee attacks as you move away!
The killer bee stings you but does no damage.
The killer bee closely misses you.
The killer bee attacks as you move away!
The killer bee stings you but does no damage. x2
You block the killer bee's attack.
The killer bee stings you but does no damage. 2 killer bees come into view.
The killer bee buzzes angrily. x2
The killer bee stings you. The killer bee closely misses you.
A killer bee comes into view.
Found a robe.
The killer bee buzzes angrily.
The wraith closely misses you. The killer bee stings you.
The killer bee attacks as you move away!
The killer bee stings you but does no damage.
Found a stone staircase leading down.
The killer bee closely misses you. The killer bee stings you.
You block the killer bee's attack. The killer bee barely misses you. x2
The wraith attacks as you move away! The wraith hits you.
The killer bee stings you but does no damage. x2
The killer bee stings you.
* * * LOW HITPOINT WARNING * * *
The killer bee stings you but does no damage.
The killer bee stings you.
* * * LOW HITPOINT WARNING * * *
You block the killer bee's attack.
The killer bee attacks as you move away!
The killer bee stings you but does no damage.
The killer bee completely misses you. You block the killer bee's attack.
The killer bee stings you!
* * * LOW HITPOINT WARNING * * *
The killer bee barely misses you.
The killer bee attacks as you move away!
The killer bee stings you but does no damage.
The killer bee attacks as you move away!
The killer bee stings you but does no damage.
You block the killer bee's attack. The killer bee stings you.
You die...

######## ##......##
##..>.....##
#..[.......#########
#..........#........
#..........#........
#..........#........
#..@y......#........
##yyy.....##........
##..W.....##........
#..........#........
#..........#.#......
#.......C..#.#......
#............#......
#............#......
##...)......[#......


You could see a cyclops, a wraith and 4 killer bees.

Vanquished Creatures
  A jelly (D:3)
  An orc wizard (D:4)
  2 gnolls
  2 adders (D:2)
  3 worms
  2 orcs (D:3)
  5 endoplasms
  A giant cockroach (D:3)
  4 goblins
  4 hobgoblins
  2 jackals (D:4)
  8 kobolds
  A quokka (D:3)
  5 ball pythons
  2 bats (D:2)
  A frilled lizard (D:3)
  2 rats
46 creatures vanquished.

Vanquished Creatures (others)
  An orc (D:4)
1 creature vanquished.

Grand Total: 47 creatures vanquished

Notes
Turn   | Place    | Note
-------+----------+-------------------------------------------
     0 | D:1      | Dartaoz the Hill Orc Monk began the quest for the Orb.
     0 | D:1      | Reached XP level 1. HP: 19/19 MP: 1/1
   123 | D:1      | Found a faded altar of an unknown god.
   166 | D:1      | Reached XP level 2. HP: 26/26 MP: 2/2
   276 | D:1      | Reached skill level 5 in Axes
   573 | D:2      | Reached XP level 3. HP: 25/33 MP: 3/3
   812 | D:2      | Reached skill level 1 in Shields
  1310 | D:3      | Identified the +8 dagger "Ocsuromp" {freeze, Int+2}
  1507 | D:3      | Reached skill level 1 in Armour
  1592 | D:3      | Reached XP level 4. HP: 40/40 MP: 4/4
  2101 | D:4      | Noticed a black bear
  2119 | D:3      | Reached XP level 5. HP: 41/47 MP: 5/5
  2158 | D:4      | Became a worshipper of Beogh the Brigand
  2158 | D:4      | Reached * piety under Beogh
  2158 | D:4      | Reached ** piety under Beogh
  2218 | D:4      | You fall into a shaft and drop 3 floors!
  2220 | D:7      | Noticed a wraith
  2226 | D:7      | Noticed a cyclops
  2250 | D:7      | HP: 1/47 [killer bee (7)]
  2252 | D:7      | Slain by a killer bee

Illustrated notes

Levels and vault maps discovered:
D:1:      lightli_arrival_statue_moat, layout_rooms, basic_ecumenical_altar
D:2:      layout_rooms
D:3:      layout_basic
D:4:      layout_cave_pools, nzn_wu_jian_contemplation, gammafunk_ghost_icy
D:7:      cheibrodos_fzero, layout_rooms, serial_shops, shop

Skill      XL: |  1  2  3  4  5 |
---------------+----------------+-----
Axes           | 5 |  5.9
Shields        | 1 2 |  2.0
Armour         | 1 |  1.9
Fighting       | 4 |  4.4
Dodging        | |  2.4
Stealth        | |  1.5

Action                   |  1- 3 |  4- 6 || total
-------------------------+-------+-------++-------
Melee: Hand axe          |   114 |    62 ||   176
Invok: Convert to Beogh  |       |     1 ||     1
  Use: Potion            |     1 |       ||     1
 Stab: Sleeping          |     2 |       ||     2
Armor: Robe              |    10 |       ||    10
       Chain mail        |    15 |    45 ||    60
Dodge: Dodged            |    47 |    32 ||    79
Block: Buckler           |    18 |    28 ||    46

Table legend: (Time is in decaauts)
 A = Elapsed time spent in this place.
 B = Non-inter-level travel time spent in this place.
 C = Inter-level travel time spent in this place.
 D = Time resting spent in this place.
 E = Time spent auto-exploring this place.
 F = Levels seen in this place.
 G = Mean time per level.
                   A        B        C        D        E       F      G
               +--------+--------+--------+--------+--------+-----+--------+
         Total |   2266 |   2039 |    227 |      0 |   1590 |   5 |  453.2 |
       Dungeon |   2266 |   2039 |    227 |      0 |   1590 |   5 |  453.2 |
               +--------+--------+--------+--------+--------+-----+--------+

Top non-repeatable levels by time:
     D:3: 836 daAuts
     D:2: 713 daAuts
     D:1: 551 daAuts
     D:4: 130 daAuts
     D:7: 34 daAuts
